 Dungeon Crawl Stone Soup version 0.30.0-16-gbe6223bb7e (webtiles) character file.

Game seed: 79484381884424197

338 Majang the Digger (level 6, -4/33 HPs)
             Began as a Gargoyle Earth Elementalist on May 20, 2023.
             Was an Initiate of Vehumet.
             Slain by Edmund
             ... wielding a +2 flail of protection
              (5 damage)
             ... on level 4 of the Dungeon.
             The game lasted 00:24:38 (3784 turns).

Majang the Digger (Gargoyle Earth Elementalist)     Turns: 3784, Time: 00:24:39

Health: -4/33      AC: 10    Str: 11    XL:     6   Next: 55%
Magic:  9/13       EV: 12    Int: 18    God:    Vehumet [......]
Gold:   198        SH:  0    Dex: 10    Spells: 10/14 levels left

rFire   . . .        t - +0 flail (flame)
rCold   . . .        (no shield)
rNeg    + + .        a - +0 robe
rPois   ∞            g - +1 hat
rElec   +            (no cloak)
rCorr   .            o - +1 pair of gloves
SInv    .            k - +0 pair of boots
Will    .....        (no amulet)
Stlth   ++           d - ring of flight
HPRegen 0.25/turn    x - ring of positive energy
MPRegen 0.13/turn

%: no passive effects
@: mighty, brilliant, flying
A: sickness immunity, AC +4, negative energy resistance 1, electricity
resistance, torment resistance 1, petrification resistance
a: Renounce Religion


You were on level 4 of the Dungeon.
You worshipped Vehumet.
Vehumet was noncommittal.
You visited 2 branches of the dungeon, and saw 6 of its levels.

You collected 198 gold pieces.

Inventory:

Hand Weapons
 i - a +0 dagger
 t - a +0 flail of flaming (weapon)
 w - a +1 whip
Armour
 a - a +0 robe (worn)
 g - a +1 hat (worn)
 k - a +0 pair of boots (worn)
 o - a +1 pair of gloves (worn)
Jewellery
 d - a ring of flight (left hand)
 x - a ring of positive energy (right hand)
 y - a ring of ice
Scrolls
 e - a scroll of fog
 f - a scroll of immolation
 p - a scroll of amnesia
Potions
 b - a potion of magic
 h - 2 potions of haste {unknown}
 j - a potion of might
 m - 2 potions of flight
 n - a potion of resistance
 q - a potion of mutation
 s - a potion of curing {unknown}
 v - a potion of cancellation {unknown}
 A - a potion of lignification {unknown}


   Skills:
 + Level 0.8 Fighting
 + Level 1.7 Dodging
 - Level 2.1 Stealth
 * Level 4.6 Spellcasting
 + Level 2.6 Conjurations
 - Level 0.7 Transmutations
 + Level 5.3 Earth Magic


You had 10 spell levels left.
You knew the following spells:

 Your Spells              Type           Power      Damage    Failure   Level
a - Sandblast             Erth           70%        2d15      1%          1
b - Stone Arrow           Conj/Erth      54%        3d10      9%          3

Your spell library contained the following spells:

 Spells                   Type           Power      Damage    Failure   Level
 Passwall                 Tmut/Erth      18%        N/A       6%          2
 Petrify                  Tmut/Erth      22%        N/A       36%         4
 Tukima's Dance           Hex            6%         N/A       38%         3
 Passage of Golubria      Tloc           6%         N/A       80%         4
 Yara's Violent Unravell  Hex/Tmut       4%         3d4       97%         5


Dungeon Overview and Level Annotations

Branches:
Dungeon (5/15)             Temple (1/1) D:4

Altars:
Cheibriados
Dithmenos
Nemelex Xobeh
Ru
Sif Muna
Uskayaw
Vehumet
The Shining One

Shops:
D:3 [

Annotations:
D:3 1 runed translucent door, Crazy Yiuf
D:4 Edmund
D:5 Eustachio


Innate Abilities, Weirdness & Mutations

You are immune to sickness and miasma.
Your stone body is resilient. (AC +4)
You are immune to poison.
You resist negative energy. (rN+)
You are resistant to electric shocks. (rElec)
You are resistant to unholy torment.
You are immune to petrification.


Message History

The puff of flame hits you.
You hit Edmund but do no damage.
Edmund zaps a wand.
The puff of flame hits you!
Edmund hits you with a +2 flail of protection!
Casting: Stone Arrow (quite dangerous; 9% risk of failure)
Confirm with . or Enter, or press ? or * to list all spells.
The spell is quite dangerous to miscast (9% risk of failure)!
Continue anyway?
Aiming: Stone Arrow (quite dangerous; 9% risk of failure)
Press: ? - help, Shift-Dir - straight line, f/p - Edmund
Aim: Edmund, wielding a +2 flail of protection, wearing a +0 chain mail and carrying a wand of flame (18) (79% to hit)
You feel a surge of power!
The stone arrow hits Edmund but does no damage.
Edmund hits you with a +2 flail of protection!
* * * LOW HITPOINT WARNING * * *
Okay, then.
Okay, then.
Okay, then.
You hit Edmund. You burn Edmund.
Edmund is lightly wounded.
Edmund says, "A flail is better than a scythe, any day of the week!"
Edmund closely misses you.
You hit Edmund but do no damage.
Edmund is lightly wounded.
Edmund barely misses you.
Press: ? - help, v - describe, . - travel
Here: Edmund, wielding a +2 flail of protection, wearing a +0 chain mail and carrying a wand of flame (18) (lightly wounded)
The floor.
You are too injured to fight recklessly!
Casting: Stone Arrow (quite dangerous; 9% risk of failure)
Confirm with . or Enter, or press ? or * to list all spells.
Aiming: Sandblast (safe; 1% risk of failure)
Press: ? - help, Shift-Dir - straight line, f/p - Edmund
Aim: Edmund, wielding a +2 flail of protection, wearing a +0 chain mail and carrying a wand of flame (18) (lightly wounded, 88% to hit)
You feel a surge of power!
The blast of sand hits Edmund but does no damage.
Edmund is lightly wounded.
Edmund hits you with a +2 flail of protection!
* * * LOW HITPOINT WARNING * * *
Edmund hits you with a +2 flail of protection.
You die...

#. ######## #. ### #......# #.
..# ####### #.####.### #.
..#######.....# ####'####.#.# #.
...)....#.....# #.........#.# #.
..............# #.........#.###.
..........########...............
................@................
...........##...@..........#.###.
...........##..............#.###)
...).......##.......)......#.....
...........................#.###.
###...##............###......# ##
.#....##............###......####
......##...#####+##..........+...
♣.♣...##.....................####


You could see Edmund.

Vanquished Creatures
  A scorpion (D:4)
  A hound (D:5)
  2 iguanas
  An orc wizard (D:5)
  7 adders
  A gnoll (D:4)
  An ufetubus (D:5)
  A worm (D:5)
  4 dart slugs
  6 orcs
  6 bats
  10 endoplasms
  4 giant cockroaches
  6 goblins
  7 hobgoblins
  5 jackals
  4 quokkas
  6 ball pythons
  4 frilled lizards
  2 kobolds (D:3)
  6 rats
85 creatures vanquished.

Notes
Turn   | Place    | Note
-------+----------+-------------------------------------------
     0 | D:1      | Majang the Gargoyle Earth Elementalist began the quest for
                  | the Orb.
     0 | D:1      | Reached XP level 1. HP: 10/10 MP: 3/3
    72 | D:1      | Found a faded altar of an unknown god.
   261 | D:1      | Reached XP level 2. HP: 15/15 MP: 3/5
   388 | D:1      | Reached skill level 4 in Earth Magic
   606 | D:1      | Reached XP level 3. HP: 19/19 MP: 2/7
   989 | D:2      | Learned a level 3 spell: Stone Arrow
  1344 | D:2      | Reached XP level 4. HP: 24/24 MP: 7/9
  1828 | D:3      | Reached skill level 1 in Conjurations
  2111 | D:3      | Noticed a black bear
  2144 | D:3      | Reached XP level 5. HP: 19/28 MP: 2/10
  2470 | D:3      | Found a runed translucent door.
  2471 | D:3      | Noticed Crazy Yiuf
  2549 | D:3      | Found Xungef's Armour Boutique.
  3006 | D:4      | Reached skill level 5 in Earth Magic
  3006 | D:4      | Reached XP level 6. HP: 28/32 MP: 7/12
  3263 | D:4      | Found a staircase to the Ecumenical Temple.
  3277 | Temple   | Entered the Ecumenical Temple
  3321 | Temple   | Became a worshipper of Vehumet
  3421 | D:5      | Entered Level 5 of the Dungeon
  3421 | D:5      | Noticed Eustachio
  3635 | D:5      | Noticed Edmund
  3784 | D:4      | HP: 1/33 [Edmund/+2 flail of protection (9)]
  3784 | D:4      | Slain by Edmund

Illustrated notes

Levels and vault maps discovered:
D:1:      sevenhm_arrival_forest_fort_large_2, layout_rooms,
          ebering_ecumenical_altar_petrified, minmay_pentomino_o4
D:2:      layout_basic, serial_curves, eino_curves_03, eino_curves_01,
          eino_curves_01, eino_curves_02
D:3:      layout_loops_corners, serial_shops, nicolae_shop_just_a_little_nook,
          uniq_crazy_yiuf_cottage
D:4:      layout_basic, minmay_temple_entry_trees, kennysheep_flooded_box,
          chequers_arboretum
D:5:      layout_rooms, serial_bayou_pond_e, uniq_edmund, uniq_eustachio
Temple:   regret_index_temple_waves

Skill      XL: |  1  2  3  4  5 |
---------------+----------------+-----
Earth Magic    | 4 5 |  5.3
Spellcasting   | 3 4 |  4.6
Conjurations   | 1 2 |  2.6
Fighting       | |  0.8
Dodging        | |  1.7
Stealth        | |  2.1
Transmutations | |  0.7

Action                     |  1- 3 |  4- 6 || total
---------------------------+-------+-------++-------
  Melee: Unarmed           |    25 |       ||    25
         Dagger            |       |     7 ||     7
         Whip              |       |     1 ||     1
         Flail             |       |     4 ||     4
   Cast: Sandblast         |    55 |    84 ||   139
         Stone Arrow       |       |     2 ||     2
    Use: Scroll            |       |    17 ||    17
         Potion            |       |     4 ||     4
 Armour: Robe              |    11 |    20 ||    31
  Dodge: Dodged            |    24 |    39 ||    63
